 Dungeon Crawl Stone Soup version 0.20-a0-151-g755e310 (webtiles) character file.

260 KristoblXynda the Charmwright (level 5, -3/41 HPs)
             Began as a Demigod Skald on Nov 22, 2016.
             Slain by an orc
             ... wielding a +0 whip
              (6 damage)
             ... on level 4 of the Dungeon.
             The game lasted 00:08:03 (3209 turns).

KristoblXynda the Charmwright (Demigod Skald)       Turns: 3209, Time: 00:08:04

Health: -3/41      AC:  4    Str: 15    XL:     5   Next: 63%
Magic:  10/10      EV: 11    Int: 18    God:
Gold:   159        SH:  0    Dex: 15    Spells: 3/7 levels left

rFire  . . .     SeeInvis .     g - +1 whip (drain)
rCold  . . .     Gourm    .     w - +0 leather armour (curse)
rNeg   . . .     Faith    .     (no shield)
rPois  .         Spirit   .     (helmet restricted)
rElec  .         Reflect  .     e - +0 cloak
rCorr  .         Harm     .     (no gloves)
MR     .....                    (no boots)
Stlth  +.........               (no amulet)
                                (no ring)
                                t - +3 ring of slaying

@: no status effects
A: horns 1, high mp 1
a: no special abilities


You were on level 4 of the Dungeon.
You were not hungry.

You visited 1 branch of the dungeon, and saw 4 of its levels.

You collected 159 gold pieces.

Inventory:

Hand Weapons
 a - a +1 hand axe
 g - a +1 whip of draining (weapon)
Missiles
 l - 2 javelins (quivered)
 r - 2 throwing nets
Armour
 e - a +0 cloak (worn)
 w - a cursed +0 leather armour (worn)
Jewellery
 t - a +3 ring of slaying (left hand)
Scrolls
 i - 2 scrolls of fog
 m - a scroll of identify
 p - 2 scrolls of remove curse
Books
 c - a book of Battle

   Spells                             Type                      Level
   a - Infusion                       Charms                       1
   b - Shroud of Golubria             Charms/Translocation         2
   c - Song of Slaying                Charms                       2
   d - Spectral Weapon                Hexes/Charms                 3
   e - Regeneration                   Charms/Necromancy            3
Comestibles
 b - 3 fruits
 d - 2 bread rations
 k - 2 meat rations


   Skills:
 - Level 1.7 Fighting
 + Level 3.6 Axes
 + Level 2.9 Armour
 - Level 1.2 Dodging
 - Level 1.7 Spellcasting
 + Level 4.1 Charms


You had 3 spell levels left.
You knew the following spells:

 Your Spells              Type           Power        Failure   Level  Hunger
a - Infusion              Chrm           ###.         4%          1    #......
b - Regeneration          Chrm/Necr      #.........   30%         3    ###....


Dungeon Overview and Level Annotations

Branches:
Dungeon (4/15)
 Temple: D:4-7

Annotations:
D:4 Pikel


Innate Abilities, Weirdness & Mutations

You have an increased reservoir of magic. (+10% MP)
You have a pair of small horns on your head.


Message History

You open the door.
There is an open door here.
You hit Pikel. You drain Pikel!
Pikel is lightly wounded.
Pikel hits you with a whip of flaming.
* * * LOW HITPOINT WARNING * * *
Pikel burns you.
* * * LOW HITPOINT WARNING * * *
You hit Pikel.
Pikel is moderately wounded.
Pikel barely misses you. The slave barely misses you.
The slave barely misses you.
Found a trident.
The slave hits you.
* * * LOW HITPOINT WARNING * * *
An orc comes into view. It is wielding a whip.
The orc shouts!
The orc hits you with a whip.
You die...

..#+#########
#...........# ....#
+...........+ ....#
#...........###+##....#
#.....................#
#.....................#
#.....................#
#...........p..o......#
....#'##.....K..@.....#
....#..'..pp######....#
....#..#....+ ####
....####....# ....#
#....# ....# #....#
....# +...... #####
#....... #.......


You could see Pikel, 3 slaves and an orc.

Vanquished Creatures
  A bullfrog skeleton (D:4)
  An iguana (D:4)
  2 worker ants
  A gnoll (D:1)
  6 adders
  An ooze (D:2)
  2 worms (D:3)
  3 dart slugs
  4 leopard geckos
  2 orcs (D:3)
  A ball python (D:1)
  7 bats
  11 goblins
  9 hobgoblins
  8 jackals
  A quokka (D:3)
  5 frilled lizards
  7 kobolds
  A quokka skeleton (D:4)
  5 rats
78 creatures vanquished.

Notes
Turn   | Place    | Note
-------+----------+-------------------------------------------
     0 | D:1      | KristoblXynda the Demigod Skald began the quest for the Orb.
     0 | D:1      | Reached XP level 1. HP: 17/17 MP: 5/5
    95 | D:1      | Reached skill level 1 in Armour
   122 | D:1      | Reached skill level 1 in Dodging
   579 | D:1      | Reached XP level 2. HP: 18/24 MP: 7/7
   600 | D:1      | Reached skill level 3 in Charms
  1008 | D:1      | Found a glowing golden altar of the Shining One.
  1070 | D:1      | Reached XP level 3. HP: 29/29 MP: 8/8
  2228 | D:3      | Reached XP level 4. HP: 33/36 MP: 9/9
  2350 | D:3      | Gained mutation: You have a pair of small horns on your head. [potion of beneficial mutation]
  2359 | D:3      | Learned a level 3 spell: Regeneration
  2428 | D:3      | Found a blossoming altar of Fedhas.
  2876 | D:3      | Reached XP level 5. HP: 20/41 MP: 10/10
  3102 | D:4      | Noticed a slave
  3108 | D:4      | Noticed a slave
  3137 | D:4      | Reached skill level 4 in Charms
  3144 | D:4      | Noticed a slave
  3144 | D:4      | Noticed a slave
  3147 | D:4      | Noticed Pikel
  3189 | D:4      | HP: 2/41 [iguana (13)]
  3203 | D:4      | HP: 2/41 [slave[Pikel] (3)]
  3209 | D:4      | Slain by an orc

Vault maps used:
D:1:      dpeg_arrival_leaves_temple_mockup, minivault_27, tso_altar
D:2:      first_bread
D:3:      serial_co_window_serial, co_window_corner_a, co_window_paths_a,
          co_window_corner_a, co_window_paths_a, co_window_paths_a,
          co_window_cross_1, co_window_unsneaky_path_a, co_window_corner_b,
          co_window_broadway_c, co_window_paths_d, co_window_paths_e,
          st_stairs_5, fedhas_altar_fruit_tree
D:4:      led_sif_book, serial_shops, shop, uniq_pikel, uniq_duvessa

Skill      XL: |  1  2  3  4  5 |
---------------+----------------+-----
Axes           | 2 3 |  3.6
Armour         | 1 2 |  2.9
Dodging        | 1 |  1.2
Charms         | 3 4 |  4.1
Fighting       | |  1.7
Spellcasting   | |  1.7

Action                   |  1- 3 |  4- 6 || total
-------------------------+-------+-------++-------
Melee: Hand axe          |   147 |    78 ||   225
       Quarterstaff      |     4 |    15 ||    19
       Headbutt          |       |    14 ||    14
       Whip              |       |     5 ||     5
  Use: Scroll            |     4 |     7 ||    11
       Potion            |       |     6 ||     6
  Eat: Bread ration      |     1 |       ||     1
       Chunk             |       |     1 ||     1
       Fruit             |       |     2 ||     2
Armor: Leather armour    |    26 |    23 ||    49
       Ring mail         |    40 |    15 ||    55
Dodge: Dodged            |   110 |    83 ||   193
